 Dungeon Crawl Stone Soup version 0.29-a0-1052-g6990b1bffc (webtiles) character file.

Game seed: 5350757265103460741

510 GreatBamboolord the Chopper (level 6, -2/51 HPs)
             Began as a Palentonga Fighter on Aug 17, 2022.
             Slain by a scorpion (6 damage)
             ... on level 3 of the Dungeon.
             The game lasted 00:04:56 (4118 turns).

GreatBamboolord the Chopper (Palentonga Fighter)    Turns: 4118, Time: 00:04:57

Health: -2/51      AC:  7    Str: 23      XL:     6   Next: 98%
Magic:  6/6        EV:  7    Int:  8 (9)  God:
Gold:   157        SH:  4    Dex: 12 (15) Spells: 5/5 levels left

rFire   . . .      SeeInvis +   a - +0 war axe
rCold   . . .      Faith    .   c - +0 buckler
rNeg    . . .      Spirit   .   b - +0 scale mail
rPois   .          Reflect  .   (no helmet)
rElec   .          Harm     .   (no cloak)
rCorr   .          Rampage  .   (no gloves)
Will    .....                   (no barding)
Stlth   ..........              (no amulet)
HPRegen 0.17/turn               e - +6 ring of dexterity
MPRegen 0.10/turn               (no ring)

@: lethally poisoned (-2 -> -6)
A: large, rugged brown scales 3, see invisible, deformed body, roll 1, armoured
tail
a: Rolling Charge


You were on level 3 of the Dungeon.
You visited 1 branch of the dungeon, and saw 4 of its levels.

You collected 157 gold pieces.

Inventory:

Hand Weapons
 a - a +0 war axe (weapon)
Armour
 b - a +0 scale mail (worn)
 c - a +0 buckler (worn)
Jewellery
 e - a +6 ring of dexterity (left hand)
Wands
 p - a wand of mindburst (11)
Scrolls
 f - a scroll of butterflies {unknown}
 h - a scroll of amnesia
 j - a scroll of blinking {unknown}
 m - a scroll of identify {unknown}
 q - a scroll of vulnerability {unknown}
Potions
 d - a potion of might
 g - a potion of degeneration
 i - a potion of haste {unknown}
 k - a potion of resistance {unknown}
 l - a potion of mutation {unknown}
 n - a potion of magic {unknown}
 o - a potion of curing


   Skills:
 * Level 4.2 Fighting
 * Level 5.0 Axes
 * Level 4.1 Armour
 * Level 3.5 Shields


You had 5 spell levels left.
You didn't know any spells.
Your spell library was empty.

Dungeon Overview and Level Annotations

Branches:
Dungeon (4/15)             Temple (0/1) D:4

Altars:
Ru


Innate Abilities, Weirdness & Mutations

You are completely covered in rugged brown scales. (AC +3, +7% HP)
You have supernaturally acute eyesight. (SInv)
Armour fits poorly on your strangely shaped body.
You can roll at nearby foes to attack.
You have a long armoured tail.


Message History

The phantom is severely damaged.
The phantom hits you but does no damage. x2
You hit the phantom.
The phantom is almost destroyed.
The phantom hits you.
* * * LOW HITPOINT WARNING * * *
The phantom blinks!
You blink.
You barely miss the phantom.
Your tail-slap misses the phantom.
The phantom is almost destroyed.
You barely miss the scorpion. You block the scorpion's attack.
You block the phantom's attack. The scorpion barely misses you.
You closely miss the phantom.
The phantom is almost destroyed.
You hit the scorpion.
The phantom hits you but does no damage.
You block the scorpion's attack. You block the phantom's attack.
The scorpion stings you.
* * * LOW HITPOINT WARNING * * *
You slash the phantom!
You destroy the phantom!
You hit the scorpion. You block the scorpion's attack.
You feel your strength returning.
Your Axes skill increases to level 5!
You hit the scorpion but do no damage.
The scorpion is lightly wounded.
The scorpion stings you but does no damage.
The scorpion stings you.
* * * LOW HITPOINT WARNING * * *
You are poisoned.
The scorpion poisons you!
You hit the scorpion.
The scorpion is heavily wounded.
You feel very sick.
The scorpion stings you but does no damage.
You slash the scorpion!
The scorpion is almost dead.
You feel sick. The scorpion stings you.
* * * LOW HITPOINT WARNING * * *
The scorpion stings you.
You die...

# #......##....)>..)........... #
#............................ #
###......######.....#...)...... #
#.'......######................ #
#.#...............#.#..))##...#
###.#.............<.#.#+##'##...#
....#.#####....(....#......)#....
....#.######'##'#####............
.............##.@s...............
##.....###############..........#
#.....# #................##...#
#.....# #.##########.######...#
#.....####.#...# #....# #...#
#.....#......#.# ####.# ##'##
#.....#......#.######.#######...
#...>.'......#.#....#..........#
##.....#........#.##...#.##.###.#


You could see a scorpion.

Vanquished Creatures
  Grinder (D:3)
  A phantom (D:3)
  A necrophage (D:4)
  An iguana (D:3)
  Terence (D:3)
  Ijyb (D:3)
  2 gnolls (D:3)
  4 adders (D:2)
  A worm (D:2)
  4 orcs (D:3)
  7 ball pythons
  6 endoplasms
  A giant cockroach (D:2)
  5 goblins
  8 hobgoblins
  A quokka (D:1)
  6 bats
  4 kobolds
  2 rats
57 creatures vanquished.

Notes
Turn   | Place    | Note
-------+----------+-------------------------------------------
     0 | D:1      | GreatBamboolord the Palentonga Fighter began the quest for
                  | the Orb.
     0 | D:1      | Reached XP level 1. HP: 19/19 MP: 1/1
   206 | D:1      | Reached XP level 2. HP: 25/25 MP: 2/2
   730 | D:1      | Found a faded altar of an unknown god.
  1001 | D:2      | Reached XP level 3. HP: 31/31 MP: 3/3
  1608 | D:2      | Reached skill level 3 in Axes
  1608 | D:2      | Reached XP level 4. HP: 37/37 MP: 4/4
  1915 | D:2      | Found a sacrificial altar of Ru.
  2144 | D:3      | Noticed Grinder
  2146 | D:3      | Paralysed by Grinder for 3 turns
  2439 | D:4      | Noticed a scorpion
  2442 | D:4      | Noticed a phantom
  2448 | D:3      | Noticed Ijyb
  2464 | D:3      | Paralysed by Grinder for 3 turns
  3077 | D:3      | Killed Ijyb
  3078 | D:3      | Reached XP level 5. HP: 23/43 MP: 5/5
  3349 | D:3      | Noticed Terence
  3357 | D:3      | Killed Terence
  3423 | D:3      | Killed Grinder
  3424 | D:3      | Reached skill level 4 in Axes
  3424 | D:3      | Reached XP level 6. HP: 16/51 MP: 6/6
  3962 | D:4      | Found a staircase to the Ecumenical Temple.
  4116 | D:3      | Reached skill level 5 in Axes
  4118 | D:3      | Slain by a scorpion

Illustrated notes

Levels and vault maps discovered:
D:1:      dpeg_arrival_rhombus, layout_loops_ring,
          nicolae_ecumenical_snake_handling
D:2:      layout_basic, basic_altar, kennysheep_generic_room_2
D:3:      layout_basic, uniq_grinder, uniq_terence, uniq_ijyb
D:4:      layout_loops_ring, nicolae_overflow_hidden_temple,
          minmay_temple_entry_sparse_star, minmay_crystal_water

Skill      XL: |  1  2  3  4  5  6 |
---------------+-------------------+-----
Shields        | 3 |  3.5
Armour         | 3 4 |  4.1
Axes           | 3 4 5 |  5.0
Fighting       | 4 |  4.2

Action                   |  1- 3 |  4- 6 || total
-------------------------+-------+-------++-------
Melee: War axe           |    86 |    88 ||   174
       Tailslap          |     6 |    15 ||    21
 Abil: Rolling Charge    |    24 |    16 ||    40
  Use: Potion            |     2 |     2 ||     4
       Scroll            |       |     3 ||     3
Armor: Scale mail        |    44 |    39 ||    83
Dodge: Dodged            |    23 |    21 ||    44
Block: Buckler           |    13 |    28 ||    41

Table legend: (Time is in decaauts)
 A = Elapsed time spent in this place.
 B = Non-inter-level travel time spent in this place.
 C = Inter-level travel time spent in this place.
 D = Time resting spent in this place.
 E = Time spent auto-exploring this place.
 F = Levels seen in this place.
 G = Mean time per level.
                   A        B        C        D        E       F      G
               +--------+--------+--------+--------+--------+-----+--------+
         Total |   4186 |   4050 |    136 |    829 |   2725 |   4 | 1046.5 |
       Dungeon |   4186 |   4050 |    136 |    829 |   2725 |   4 | 1046.5 |
               +--------+--------+--------+--------+--------+-----+--------+

Top non-repeatable levels by time:
     D:3: 1440 daAuts
     D:2: 1406 daAuts
     D:1: 1018 daAuts
     D:4: 321 daAuts
